Map: Dusk Towers

Players

LilDicky - Winner!

  • Race: Terran Terran
  • League: Diamond

vverm

  • Race: Zerg Zerg
  • League: Platinum

VOD

http://www.twitch.tv/tumescentpie

Description

Time

  • Played on: Dec. 12, 2015, 12:43 p.m.
  • Length: 39:16
Show
View Real Time Build Order
Export as new Build Order

LilDicky Terran - Winner!

Build Orders: Liberator Opening 

Get SALT Encoding   

  12  0:01  SCV  
  13  0:13  SCV  
  14  0:18  Supply Depot  
  14  0:25  SCV  
  15  0:32  Refinery  
  15  0:39  SCV  
  16  0:45  Barracks  
  16  0:51  SCV  
  17  1:03  SCV  
  18  1:15  SCV  
  19  1:28  SCV  
  20  1:33  Marine  
  21  1:40  Command Center  
  21  1:44  Orbital Command  
  22  1:57  Factory  
  21  2:04  Refinery  
  21  2:11  Marine  
  22  2:19  SCV  
  22  2:21  Supply Depot  
  23  2:42  Marine  
  23  2:43  Armory, SCV  
  25  2:48  Starport  
  25  2:56  Orbital Command  
  25  3:00  Marine  
  25  3:02  Factory Tech Lab  
  25  3:05  SCV  
  27  3:17  SCV  
  27  3:18  Marine  
  29  3:23  SCV  
  30  3:29  SCV  
  31  3:34  Thor  
  31  3:36  SCV  
  31  3:37  Liberator  
  38  3:41  SCV  
  38  3:46  Refinery  
  39  3:55  SCV, Marine  
  43  3:56  SCV  
  45  4:03  Supply Depot  
  45  4:08  SCV  
  46  4:20  Marine  
  47  4:29  Thor, Barracks  
  47  4:30  Liberator  
  53  4:35  SCV  
  53  4:38  SCV, Marine  
  56  4:40  Refinery  
  56  4:48  SCV  
  56  4:52  Supply Depot  
  60  4:54  SCV  
  60  4:56  Marine  
  56  5:11  SCV  
  56  5:14  Thor  
  63  5:15  SCV  
  63  5:18  Supply Depot  
  63  5:21  Marine x2  
  65  5:23  SCV  
  65  5:27  SCV  
  68  5:30  Liberator  
  68  5:35  SCV  
  61  5:55  SCV x2  
  63  6:01  Marine  
  63  6:02  Marine  
  63  6:03  Thor  
  71  6:14  Liberator  
  62  6:27  SCV  
  62  6:28  Marine  
  62  6:29  Marine  
  65  6:36  SCV  
  65  6:39  SCV  
  67  6:43  Factory  
  67  6:46  Marine x2  
  69  6:48  SCV  
  69  6:50  Factory  
  69  6:51  SCV  
  69  6:52  Command Center  
  71  7:01  SCV, Thor  
  78  7:10  SCV  
  78  7:13  SCV  
  78  7:14  Infernal Pre-Igniter  
  80  7:17  Starport Reactor  
  80  7:18  Marine x2  
  80  7:22  SCV  
  83  7:25  SCV  
  83  7:29  Hellion  
  86  7:39  SCV x2, Hellion  
  86  7:44  Supply Depot  
  90  7:45  Marine  
  90  7:46  Marine  
  90  7:51  SCV x2  
  94  8:03  SCV x2, Hellion x3, Marine x2  
  94  8:05  Orbital Command  
  104  8:12  Command Center  
  104  8:15  SCV x2, Liberator x2  
  106  8:25  Hellion  
  96  8:34  Thor, Marine x2  
  96  8:36  Hellion  
  106  8:43  SCV x2  
  106  8:46  Hellion  
  110  9:00  Factory Reactor  
  110  9:07  Marine x2  
  105  9:12  Refinery  
  105  9:14  Refinery  
  90  9:20  Factory Tech Lab  
  90  9:21  Thor  
  90  9:22  SCV  
  97  9:41  Siege Tank  
  97  9:42  Hellion x2  
  84  10:02  Command Center  
  84  10:04  Thor  
  84  10:06  Hellion x2, Marine x2  
  96  10:08  SCV  
  97  10:19  SCV x2  
  97  10:20  Engineering Bay  
  99  10:22  SCV  
  99  10:24  Marine  
  99  10:27  Barracks  
  101  10:28  Barracks Tech Lab  
  101  10:31  SCV x2, Barracks  
  101  10:32  Barracks  
  101  10:33  Barracks  
  103  10:37  SCV, Refinery  
  103  10:39  Refinery  
  103  10:40  Liberator x2  
  103  10:42  Thor  
  111  10:43  SCV  
  111  10:46  Hellion x2  
  116  10:50  Stimpack, Marine  
  116  10:59  SCV  
  116  11:00  Planetary Fortress  
  123  11:05  Missile Turret  
  123  11:06  Barracks Tech Lab  
  123  11:07  Missile Turret  
  123  11:08  Hi-Sec Auto Tracking, Marine  
  124  11:12  Missile Turret  
  124  11:13  Missile Turret x2  
  124  11:18  Missile Turret, Marine x2  
  125  11:20  Widow Mine x2  
  125  11:21  Thor  
  125  11:22  SCV  
  125  11:23  Missile Turret, Liberator  
  137  11:26  SCV, Marine x3  
  137  11:27  SCV  
  137  11:32  Missile Turret  
  142  11:33  Missile Turret  
  142  11:34  Missile Turret  
  142  11:35  Missile Turret  
  142  11:36  Marine x2  
  142  11:39  Liberator  
  144  11:44  Supply Depot  
  144  11:46  Supply Depot  
  147  11:51  Missile Turret  
  147  11:54  Missile Turret  
  147  11:56  Marine x3  
  147  11:57  Missile Turret  
  147  11:59  Missile Turret  
  147  12:00  Missile Turret  
  153  12:01  Missile Turret  
  153  12:21  Marine x5  
  153  12:22  Marine  
  159  12:23  Widow Mine x2  
  159  12:24  Hellion  
  159  12:25  Hellion  
  167  12:30  Missile Turret  
  167  12:35  Missile Turret  
  167  12:38  Marine  
  167  12:40  SCV x2  
  167  12:43  SCV  
  171  12:45  Widow Mine  
  173  12:54  Refinery  
  173  12:55  Marine x2  
  173  12:56  Refinery, Marine x2  
  110  13:41  Missile Turret  
  110  13:45  Missile Turret x2  
  110  13:47  Refinery  
  110  13:51  Marine x6  
  110  13:52  Refinery  
  110  13:53  SCV x2  
  118  13:59  Command Center  
  118  14:03  Command Center, Missile Turret  
  118  14:04  Planetary Fortress  
  118  14:06  Missile Turret  
  118  14:07  Missile Turret  
  118  14:09  Marine x6  
  124  14:10  Missile Turret  
  124  14:20  SCV  
  124  14:21  Missile Turret  
  124  14:22  Thor x2, Missile Turret  
  124  14:23  Combat Shields  
  137  14:25  Concussive Shells  
  137  14:27  Marine x6  
  143  14:32  Command Center  
  143  14:33  Liberator x2  
  143  14:36  Missile Turret  
  143  14:37  Widow Mine x2  
  143  14:38  Drilling Claws  
  147  14:40  Terran Vehicle And Ship Armor Level 1  
  147  14:44  Armory, Marine  
  147  14:45  Marine x5  
  159  14:56  Supply Depot  
  159  15:02  Marine  
  159  15:03  Marine x5  
  165  15:07  Command Center, Starport  
  165  15:19  Planetary Fortress  
  165  15:20  Planetary Fortress, Marine x4  
  173  15:21  Marauder x2  
  173  15:28  Fusion Core  
  173  15:38  Marine x4  
  176  15:47  Supply Depot x2  
  176  15:48  Planetary Fortress  
  132  16:18  Liberator  
  132  16:19  Liberator  
  132  16:22  Marine x2  
  134  16:32  Marine x4  
  138  16:35  Starport Tech Lab  
  144  16:40  Marine x2  
  146  16:49  Missile Turret  
  146  16:50  Missile Turret x3  
  146  16:51  Missile Turret  
  146  16:52  Missile Turret x2  
  146  16:54  Missile Turret  
  146  17:04  Marine x6  
  146  17:08  Thor x2, Widow Mine x2  
  164  17:16  Terran Vehicle And Ship Armor Level 2, Terran Vehicle Weapons Level 1  
  164  17:20  Engineering Bay  
  164  17:21  Terran Infantry Weapons Level 1, Liberator x2  
  164  17:22  Marine x3  
  167  17:36  Widow Mine  
  167  17:37  Banshee, Widow Mine  
  167  17:41  Command Center, Advanced Ballistics  
  180  17:46  Missile Turret  
  180  17:50  Widow Mine  
  182  17:51  Starport  
  182  17:54  Starport, Missile Turret x2  
  182  18:03  Liberator  
  182  18:05  Missile Turret  
  182  18:06  Refinery  
  174  18:26  Viking x2  
  181  18:27  SCV  
  177  18:38  Liberator  
  134  18:57  Marine x2  
  122  19:24  Thor x2  
  122  19:25  Widow Mine x2  
  122  19:26  Marine x6  
  144  19:43  Liberator x2  
  144  19:44  Marine x6  
  150  19:52  Starport Tech Lab x2  
  150  19:54  Banshee  
  150  19:56  Cloaking Field  
  153  20:02  Marine x6  
  153  20:06  Planetary Fortress, Missile Turret  
  153  20:07  Thor x2, Missile Turret x2  
  165  20:09  Refinery x2  
  177  20:19  Marine  
  177  20:20  Marine x5  
  183  20:24  Missile Turret  
  183  20:25  Missile Turret  
  151  20:37  Marine  
  151  20:38  Marine x5  
  151  20:41  Banshee x2  
  151  20:42  Banshee  
  164  20:55  Marine  
  138  21:35  Thor x2  
  138  21:37  Hellion x2, Marine  
  138  21:38  Marine x5  
  160  21:42  Command Center  
  160  21:53  SCV  
  161  21:55  Marine  
  161  21:56  Marine x2  
  164  22:01  Banshee x2  
  164  22:02  Banshee  
  164  22:06  Hyperflight Rotors  
  173  22:18  Thor x2  
  185  22:30  Missile Turret  
  185  22:32  Missile Turret x2  
  185  22:38  Refinery  
  185  22:40  Refinery  
  185  22:44  Banshee x2  
  185  22:45  SCV  
  185  22:46  SCV x2  
  185  22:51  Command Center  
  194  22:52  Terran Vehicle And Ship Armor Level 3, Terran Vehicle Weapons Level 2  
  194  22:54  SCV, Terran Infantry Weapons Level 2  
  194  22:57  Terran Infantry Armor Level 1, SCV  
  196  23:06  Refinery  
  196  23:19  Refinery  
  196  23:26  Planetary Fortress  
  196  23:30  Missile Turret  
  196  23:32  Missile Turret x4  
  196  23:36  Missile Turret  
  187  23:52  Hellion x3  
  190  24:11  Orbital Command  
  184  24:26  Viking x2  
  184  24:27  Viking x3  
  184  24:28  Marine x3  
  86  26:03  Thor x2  
  86  26:04  Marine x5  
  81  26:26  Marine x2  
  81  26:27  Marine x4  
  83  26:44  Marine x5  
  83  26:45  Marine  
  83  26:46  Thor x2  
  101  26:55  Orbital Command  
  101  27:02  Marine  
  100  27:13  Marine x2  
  99  27:39  Marine x3  
  99  27:42  Banshee  
  105  28:18  Marine  
  105  28:19  Marine x3  
  104  28:29  Siege Tank  
  104  28:31  Hellion  
  109  28:40  Marine  
  110  29:18  Hellion  
  110  29:20  Banshee x2  
  100  29:25  Viking  
  100  29:29  SCV  
  103  29:49  Viking  
  101  30:24  Viking  
  101  30:25  Viking x2  
  95  31:19  Orbital Command  
  32  32:26  Marine x3  
  32  32:27  Marine x3  
  38  33:27  Orbital Command  
  38  34:47  SCV  
  38  35:44  Orbital Command  
  38  36:24  Terran Vehicle Weapons Level 3  
  38  36:59  Marine  
  38  37:00  Marine x4  
  38  37:01  Banshee x3  
  38  37:02  Viking x2  
  38  37:10  Orbital Command  
  38  37:24  SCV x2  
  38  37:32  Viking  
  38  37:36  SCV x3  
  38  37:41  Marine x5  
  38  37:42  Marine  
  38  37:44  Banshee  
Show
View Real Time Build Order
Export as new Build Order

vverm Zerg 

Build Orders: Pool First 

Get SALT Encoding   

  12  0:01  Drone  
  13  0:12  Overlord  
  13  0:17  Drone  
  14  0:30  Drone x2  
  14  0:34  Drone  
  17  0:45  Drone  
  18  0:51  Spawning Pool  
  18  0:55  Drone  
  18  1:16  Hatchery  
  18  1:17  Drone  
  18  1:21  Overlord  
  18  1:31  Extractor  
  17  1:37  Queen  
  17  1:39  Drone x2  
  21  1:49  Drone  
  22  1:59  Overlord  
  22  2:10  Overlord  
  22  2:13  Queen  
  24  2:23  Drone  
  25  2:30  Queen  
  25  2:31  Drone  
  25  2:34  Metabolic Boost  
  28  2:48  Hatchery  
  27  2:53  Drone x2  
  27  2:55  Drone  
  27  2:57  Drone  
  31  3:00  Drone  
  31  3:03  Drone  
  33  3:07  Drone  
  33  3:09  Drone  
  35  3:16  Spore Crawler  
  35  3:17  Drone  
  35  3:22  Drone  
  35  3:23  Drone  
  35  3:24  Drone  
  38  3:27  Drone  
  38  3:29  Drone  
  38  3:32  Drone  
  41  3:36  Overlord  
  41  3:41  Overlord  
  41  3:44  Overlord  
  41  3:47  Overlord  
  41  3:54  Zergling x4  
  41  3:55  Zergling x4  
  45  3:57  Zergling x2  
  45  4:02  Spine Crawler  
  45  4:05  Evolution Chamber, Zergling x2  
  45  4:07  Spore Crawler  
  45  4:09  Drone  
  45  4:12  Zergling x4  
  45  4:14  Zergling x2  
  48  4:17  Zergling x2  
  48  4:18  Zergling x2  
  48  4:20  Zergling x2  
  48  4:21  Drone  
  48  4:23  Drone  
  53  4:25  Drone  
  53  4:27  Drone  
  53  4:28  Drone  
  53  4:30  Drone  
  57  4:32  Drone  
  58  4:47  Drone x2  
  58  4:48  Drone x3  
  58  4:50  Drone x2  
  58  4:51  Drone  
  65  4:56  Drone  
  65  4:57  Drone x4  
  65  4:58  Drone  
  71  5:00  Zerg Ground Armor Level 1  
  71  5:06  Zergling x2  
  69  5:07  Zergling x4  
  69  5:10  Spore Crawler  
  69  5:11  Queen  
  72  5:15  Spore Crawler  
  72  5:16  Zergling x2  
  72  5:17  Zergling x2  
  73  5:22  Zergling x8  
  75  5:33  Drone x3  
  73  5:47  Drone x5  
  73  5:49  Drone x3  
  82  5:50  Drone x2  
  82  5:51  Extractor  
  82  5:53  Extractor  
  82  5:55  Evolution Chamber, Lair  
  82  5:56  Roach Warren, Drone  
  80  6:03  Drone x2  
  82  6:05  Zergling x2  
  76  6:29  Zerg Missile Weapons Level 1  
  76  6:35  Spore Crawler  
  76  6:37  Drone x4  
  76  6:38  Drone x5  
  76  6:39  Drone x2, Spore Crawler  
  85  6:40  Extractor  
  85  6:42  Extractor  
  85  6:45  Overlord, Queen x2  
  85  6:46  Overlord  
  87  6:49  Extractor  
  87  6:50  Overlord  
  87  6:51  Overlord  
  86  6:54  Glial Reconstitution  
  86  6:56  Roach x2  
  86  7:00  Spire  
  89  7:03  Overlord x2  
  89  7:07  Zerg Ground Armor Level 2  
  89  7:10  Hatchery  
  88  7:19  Roach  
  88  7:20  Roach x6  
  88  7:21  Roach  
  104  7:27  Roach  
  106  7:40  Roach x3  
  112  7:46  Overseer  
  112  7:47  Overseer  
  112  7:48  Ravager x3, Extractor  
  114  7:52  Extractor  
  114  7:53  Drone  
  114  7:54  Drone x6  
  114  7:55  Drone x2  
  122  8:03  Roach x3  
  122  8:05  Hatchery  
  127  8:18  Roach x2  
  127  8:19  Roach x3  
  132  8:28  Roach x2  
  132  8:29  Roach x4  
  132  8:30  Roach x4  
  132  8:31  Roach  
  132  8:32  Roach  
  135  8:35  Mutalisk  
  135  8:39  Roach  
  135  8:40  Roach x2  
  135  8:41  Roach  
  140  8:44  Roach  
  141  8:52  Mutalisk x3  
  135  9:02  Roach  
  137  9:09  Overlord x7  
  135  9:15  Mutalisk x3  
  127  9:18  Mutalisk  
  129  9:34  Mutalisk x2  
  129  9:35  Mutalisk  
  120  10:07  Infestation Pit  
  120  10:11  Hatchery  
  120  10:13  Mutalisk x5  
  128  10:18  Zergling x8  
  128  10:19  Zergling x2  
  128  10:21  Zergling x4  
  135  10:23  Zergling x10  
  135  10:24  Zergling x4  
  135  10:26  Zergling x2  
  143  10:28  Zerg Flyer Weapons Level 1  
  143  10:31  Zerg Missile Weapons Level 2  
  143  10:38  Roach  
  143  10:39  Roach x3  
  143  10:41  Roach x2  
  155  10:46  Hive  
  155  10:51  Overlord  
  155  10:53  Pneumatized Carapace  
  155  10:55  Drone x3  
  158  10:59  Mutalisk  
  158  11:01  Roach  
  158  11:03  Drone x2  
  164  11:04  Drone x2  
  164  11:06  Drone x4  
  170  11:15  Roach  
  164  11:22  Neural Parasite  
  164  11:24  Drone x3  
  164  11:25  Drone  
  168  11:34  Infestor x2  
  172  11:44  Hatchery  
  171  11:51  Infestor x2  
  171  11:52  Infestor  
  177  11:56  Spore Crawler  
  176  12:05  Infestor x2  
  180  12:25  Extractor  
  179  12:44  Ultralisk Cavern  
  179  12:49  Roach x3  
  179  12:50  Roach x6  
  179  12:51  Roach x2  
  200  12:55  Overlord x2  
  114  13:39  Zerg Flyer Weapons Level 2  
  114  13:40  Corruptor x3  
  114  13:41  Corruptor x2  
  114  13:42  Chitinous Plating  
  114  13:43  Ultralisk  
  114  13:44  Ultralisk x3  
  142  13:49  Drone x2  
  142  13:51  Drone  
  142  13:55  Corruptor x2  
  145  13:56  Overlord  
  145  14:02  Spore Crawler  
  148  14:06  Drone  
  148  14:07  Ultralisk  
  148  14:08  Drone x2  
  148  14:09  Drone  
  158  14:15  Extractor  
  157  14:20  Zerg Melee Weapons Level 1  
  157  14:22  Zerg Ground Armor Level 3  
  157  14:28  Zergling x8  
  157  14:29  Zergling x10  
  166  14:43  Overlord  
  166  14:44  Overlord  
  166  14:47  Hatchery, Overlord x3  
  165  14:57  Overlord x2  
  165  14:58  Overlord x5  
  165  15:11  Corruptor  
  165  15:12  Corruptor x4  
  175  15:17  Extractor  
  175  15:19  Extractor  
  173  15:24  Drone x3  
  176  15:31  Ultralisk x3  
  176  15:32  Ultralisk, Overlord  
  153  16:10  Ultralisk x6  
  163  16:17  Ultralisk  
  159  16:20  Ultralisk  
  165  16:30  Zerg Flyer Weapons Level 3  
  161  16:34  Overseer  
  161  16:43  Drone x3  
  164  16:58  Overseer x2  
  158  17:04  Drone x3  
  161  17:35  Spore Crawler  
  161  17:36  Spine Crawler  
  159  17:38  Overlord x2  
  159  17:52  Ultralisk x2  
  159  17:53  Ultralisk x4  
  159  17:58  Zerg Melee Weapons Level 2  
  195  18:01  Zerg Missile Weapons Level 3  
  177  18:42  Overlord  
  177  18:43  Overlord x3  
  151  19:00  Ultralisk x5  
  151  19:01  Ultralisk  
  163  19:12  Corruptor x2  
  167  19:17  Corruptor  
  169  19:29  Corruptor x2  
  173  19:32  Corruptor  
  175  19:39  Queen  
  177  19:46  Corruptor  
  177  19:47  Corruptor  
  177  19:52  Infestor  
  181  19:57  Infestor  
  181  19:59  Infestor  
  187  20:06  Corruptor  
  183  20:24  Hatchery  
  183  20:25  Corruptor x3  
  170  20:33  Corruptor x2  
  174  20:39  Corruptor  
  176  20:47  Corruptor x2  
  180  20:55  Corruptor x2  
  180  20:57  Corruptor  
  184  21:01  Corruptor  
  180  21:17  Overlord x5  
  174  21:35  Greater Spire  
  174  21:55  Ultralisk  
  174  21:56  Ultralisk  
  174  21:57  Ultralisk  
  174  21:58  Overlord x5, Corruptor  
  174  22:01  Overlord x2  
  194  22:09  Overlord x2  
  194  22:12  Zerg Melee Weapons Level 3  
  194  22:14  Adrenal Glands  
  194  22:29  Overseer x2  
  194  22:51  Overlord x2  
  193  23:24  Corruptor x3  
  199  23:30  Spore Crawler  
  198  23:34  Spore Crawler  
  198  23:35  Spore Crawler  
  198  23:39  Spore Crawler  
  195  24:01  Burrow  
  195  24:02  Overlord x2  
  194  24:46  Extractor  
  194  24:48  Extractor  
  75  26:16  Ultralisk x3  
  99  26:18  Ultralisk x3  
  99  26:21  Ultralisk x3  
  99  26:23  Ultralisk  
  99  26:24  Ultralisk x2, Overlord x2  
  99  26:25  Overlord x4  
  135  26:36  Ultralisk x4  
  135  26:37  Ultralisk  
  135  26:39  Ultralisk  
  171  26:46  Overseer x2  
  171  26:55  Overlord x2  
  171  26:57  Hatchery  
  168  27:38  Corruptor x3  
  174  27:47  Overlord x4  
  172  28:22  Overlord  
  172  28:23  Overlord x4  
  172  28:26  Overlord x5  
  172  28:29  Corruptor x3  
  176  28:57  Spawning Pool  
  170  29:06  Ultralisk  
  167  29:17  Drone x3  
  167  29:22  Corruptor x2  
  167  29:52  Hatchery  
  166  30:03  Corruptor  
  168  30:12  Corruptor  
  170  30:23  Overlord  
  170  30:29  Drone x2  
  172  31:13  Corruptor  
  172  31:14  Overlord  
  122  31:55  Overlord x3  
  94  32:17  Corruptor  
  80  32:58  Overlord  
Tags
 
Add a new tag
Caveats
  • Supply blocks, unpowered buildings, or Contaminate may cause inaccurate times.
  • Supply counts are checked every 10 seconds.